 Dungeon Crawl Stone Soup version 0.20.1-1-g8b1a95d (webtiles) character file.

329 Jazqa the Skirmisher (level 6, -3/45 HPs)
             Began as a Halfling Fighter on Oct 28, 2017.
             Was a Follower of the Shining One.
             Slain by an ogre
             ... wielding a +0 giant spiked club
              (19 damage)
             ... on level 4 of the Dungeon.
             The game lasted 00:04:49 (3178 turns).

Jazqa the Skirmisher (Halfling Fighter)             Turns: 3178, Time: 00:04:50

Health: -3/45      AC:  6    Str: 17    XL:     6   Next: 80%
Magic:  6/6        EV:  8    Int:  6    God:    the Shining One [*.....]
Gold:   168        SH:  9    Dex: 16    Spells: 5/5 levels left

rFire    + + .     SeeInvis .   a - +0 long sword
rCold    . . .     Gourm    .   c - +0 shield
rNeg     . . .     Faith    .   b - +0 scale mail
rPois    .         Spirit   .   (no helmet)
rElec    .         Reflect  .   (no cloak)
rCorr    .         Harm     .   (no gloves)
MR       .....                  (no boots)
Stlth    ..........             (no amulet)
Regen    0.2/turn               F - ring of protection from fire
MPRegen  0.1/turn               f - ring of protection from fire

@: glowing
A: mutation resistance 1
a: Renounce Religion


You were on level 4 of the Dungeon.
You worshipped the Shining One.
The Shining One was aware of your devotion.
You were not hungry.

You visited 1 branch of the dungeon, and saw 4 of its levels.

You collected 168 gold pieces.


Innate Abilities, Weirdness & Mutations

You are small and have problems with some larger weapons.
You are somewhat resistant to further mutation.


   Skills:
 + Level 5.0 Fighting
 + Level 4.7 Long Blades
 - Level 3.2 Armour
 - Level 3.2 Shields


You had 5 spell levels left.
You didn't know any spells.

Inventory:

Hand Weapons
 a - a +0 long sword (weapon)
 q - a +2 dagger of venom
Armour
 b - a +0 scale mail (worn)
 c - a +0 shield (worn)
Jewellery
 f - a ring of protection from fire (right hand)
 F - a ring of protection from fire (left hand)
Wands
 z - a wand of iceblast (7/15)
Scrolls
 e - 2 scrolls of amnesia {unknown}
 h - 3 scrolls of identify {unknown}
 j - a scroll of immolation {unknown}
 m - 2 scrolls of blinking {unknown}
 s - 2 scrolls of remove curse {unknown}
 x - a scroll of magic mapping {unknown}
 y - a scroll of teleportation {unknown}
 A - a scroll of recharging {unknown}
 B - a scroll of fear {unknown}
Potions
 g - 3 potions of curing {unknown}
 i - 2 potions of mutation {unknown}
 k - 2 potions of flight {unknown}
 o - 3 potions of agility {unknown}
 p - a potion of cancellation {unknown}
 t - a potion of degeneration {unknown}
 v - a potion of brilliance {unknown}
 w - a potion of heal wounds {unknown}
Comestibles
 d - 11 chunks of flesh
 l - 5 bread rations {@e1}
 n - 3 meat rations {@e1}
 u - 3 royal jellies {@e3}

Dungeon Overview and Level Annotations

Branches:
Dungeon (4/15)
 Temple: D:4-7

Altars:
Vehumet
Xom
Yredelemnul
The Shining One

#.####.# #
#.....)#
##
#....#.#
.##
#..#.#.#
).#
#......#
▒▒#
#.#.##.#
≈.# #.##.#
.≈# #.##.#
### #@##.#
#
#...O....#
#
###....#.#
#....#
###....
..### .>#
#.#


You could see an ogre.


Message History

You hit the adder skeleton.
The adder skeleton is severely damaged.
The adder skeleton bites you.
You slash the adder skeleton!
You destroy the adder skeleton!
The Shining One accepts your kill.
You butcher the orc corpse.
d - 11 chunks of flesh (gained 3)
Things that are here:
a flail; an orc skeleton
Things that are here:
a flail; an orc skeleton
Found a bread ration.
Found a stone staircase leading down.
An ogre comes into view. It is wielding a giant spiked club.
The ogre shouts!
You see here a bread ration {@e1}.
An ogre is nearby!
An ogre is nearby!
You hit the ogre.
The ogre is moderately wounded.
You block the ogre's attack.
You slash the ogre!
The ogre is heavily wounded.
The ogre hits you with a giant spiked club!
* * * LOW HITPOINT WARNING * * *
You hit the ogre.
The ogre is severely wounded.
The ogre hits you with a giant spiked club!!
You die...

Skill      XL: |  1  2  3  4  5  6 |
---------------+-------------------+-----
Fighting       | 3 4 5 |  5.0
Long Blades    | 3 4 |  4.7
Armour         | |  3.2
Shields        | |  3.2

Action                   |  1- 3 |  4- 6 || total
-------------------------+-------+-------++-------
Melee: Long sword        |   152 |   167 ||   319
  Use: Potion            |       |     1 ||     1
  Eat: Chunk             |     1 |     7 ||     8
Armor: Scale mail        |    88 |    66 ||   154
Dodge: Dodged            |    62 |    46 ||   108
Block: Shield            |    97 |    81 ||   178
       Rpst.: Long sword |    17 |    15 ||    32

Vault maps used:
D:1:      lemuel_arrival_room
D:2:      minmay_roachtagon, grunt_temple_overflow_holy_war,
          lemuel_crystal_altar, minmay_heptomino_l4
D:3:      uniq_ijyb
D:4:      tgw_xom, first_bread

Notes
Turn   | Place    | Note
-------+----------+-------------------------------------------
     0 | D:1      | Jazqa the Halfling Fighter began the quest for the Orb.
     0 | D:1      | Reached XP level 1. HP: 15/15 MP: 1/1
    85 | D:1      | Reached skill level 3 in Fighting
    85 | D:1      | Reached XP level 2. HP: 20/21 MP: 2/2
   698 | D:2      | Reached XP level 3. HP: 26/26 MP: 3/3
   776 | D:2      | Found a radiant altar of Vehumet.
   845 | D:2      | Found a glowing golden altar of the Shining One.
   848 | D:2      | Noticed an angel
   875 | D:2      | Found a basalt altar of Yredelemnul.
   877 | D:2      | Noticed a profane servitor
   894 | D:2      | Became a worshipper of the Shining One
  1008 | D:2      | Reached XP level 4. HP: 21/32 MP: 4/4
  1009 | D:2      | Reached skill level 3 in Long Blades
  2190 | D:3      | Noticed Ijyb
  2200 | D:3      | Reached skill level 4 in Fighting
  2213 | D:3      | Killed Ijyb
  2213 | D:3      | Reached XP level 5. HP: 33/37 MP: 5/5
  2683 | D:4      | Found a shimmering altar of Xom.
  2690 | D:4      | Noticed an ogre
  2705 | D:4      | Killed an ogre
  2705 | D:4      | Reached skill level 4 in Long Blades
  2705 | D:4      | Reached XP level 6. HP: 5/44 MP: 6/6
  3141 | D:4      | Reached skill level 5 in Fighting
  3148 | D:4      | Reached * piety under the Shining One
  3175 | D:4      | Noticed an ogre
  3178 | D:4      | Slain by an ogre

Vanquished Creatures
  An ogre (D:4)
  A centaur skeleton (D:4)
  2 iguanas (D:4)
  Ijyb (D:3)
  5 adders
  2 adder skeletons (D:4)
  A dart slug (D:4)
  3 worms (D:2)
  An orc (D:4)
  11 bats
  12 giant cockroaches
  6 goblins
  6 hobgoblins
  4 jackals (D:3)
  8 kobolds
  3 ball pythons
  7 frilled lizards
  A quokka skeleton (D:4)
  9 rats
84 creatures vanquished.

Vanquished Creatures (others)
  A frilled lizard (D:2)
1 creature vanquished.

Grand Total: 85 creatures vanquished
